 Dungeon Crawl Stone Soup version 0.25.1-2-g60ff931df9 (webtiles) character file.

Game seed: 2740915393195100424

152944 DogServant the Spry (level 17, -2/143 HPs)
             Began as a Merfolk Gladiator on Nov 8, 2020.
             Was the Champion of Makhleb.
             Slain by a wolf spider (7 damage)
             ... on level 3 of the Spider Nest.
             The game lasted 01:23:02 (34880 turns).

DogServant the Spry (Merfolk Gladiator)            Turns: 34880, Time: 01:23:02

Health: -2/143     AC:  7    Str: 29    XL:     17   Next: 59%
Magic:  23/28      EV: 24    Int:  8    God:    Makhleb [******]
Gold:   1095       SH:  5    Dex: 17    Spells: 16/16 levels left

rFire    + . .     SeeInvis +   S - +4 great sword (vamp)
rCold    + . .     Gourm    .   (shield currently unavailable)
rNeg     + + .     Faith    .   K - +8 ring mail of Avoputs {rC+ rN++ Dex+2}
rPois    +         Spirit   .   J - +2 hat
rElec    +         Reflect  +   U - scarf {+Inv}
rCorr    .         Harm     .   a - +0 pair of gloves of Defiance {rElec rPois Str+10 Dex-2}
MR       +....                  Z - +0 pair of boots
Stlth    ++........             W - amulet of Ubaa {Reflect *Slow +Fly rElec SH+5}
HPRegen  0.33/turn              d - ring of see invisible
MPRegen  0.21/turn              R - ring of protection from fire

@: corroded
A: change form in water, swift swim, stealthy swim, horns 1, poison resistance,
MP-powered wands
a: Minor Destruction, Lesser Servant of Makhleb, Major Destruction, Greater
Servant of Makhleb, Renounce Religion, Evoke Invisibility, Evoke Flight


You were on level 3 of the Spider Nest.
You worshipped Makhleb.
Makhleb was exalted by your worship.
You were near starving.

You visited 5 branches of the dungeon, and saw 28 of its levels.
You also visited: Ossuary and Bailey.

You collected 2664 gold pieces.
You spent 1569 gold pieces at shops.

Inventory:

Hand Weapons
 S - a +4 vampiric great sword (weapon)
Missiles
 e - 156 poisoned darts (quivered)
 i - 6 curare-tipped darts
 H - 8 silver javelins
Armour
 a - the +0 pair of gloves of Defiance (worn) {rElec rPois Str+10 Dex-2}
   (You bought it in a shop on level 2 of the Orcish Mines)

   It affects your strength (+10).
   It affects your dexterity (-2).
   It insulates you from electricity.
   It protects you from poison.
 o - a +0 buckler
 J - a +2 hat (worn)
 K - the +8 ring mail of Avoputs (worn) {rC+ rN++ Dex+2}
   (You found it on level 15 of the Dungeon)

   It affects your dexterity (+2).
   It protects you from cold.
   It greatly protects you from negative energy.
 U - a scarf of invisibility (worn)
 Z - a +0 pair of boots (worn)
Jewellery
 d - a ring of see invisible (left hand)
 p - an uncursed ring of positive energy
 B - a +6 ring of intelligence
 G - an uncursed ring of protection from cold
 R - a ring of protection from fire (right hand)
 W - the amulet of Ubaa (around neck) {Reflect *Slow +Fly rElec SH+5}
   (You found it on level 6 of the Lair of Beasts)

   [amulet of reflection]

   It shields you and reflects attacks.
   It insulates you from electricity.
   It lets you fly.
   It may slow you when you take damage.
   It affects your SH (+5).
Wands
 m - a wand of acid (11)
 n - a wand of flame (17)
 t - a wand of digging (7)
 C - a wand of clouds (13)
 D - a wand of iceblast (1)
 F - a wand of paralysis (31)
 M - a wand of disintegration (2)
Scrolls
 b - 2 scrolls of enchant armour
 c - 2 scrolls of silence
 h - 16 scrolls of teleportation
 r - 8 scrolls of magic mapping
 s - 6 scrolls of amnesia
 x - 2 scrolls of enchant weapon
 y - 8 scrolls of remove curse
 O - 4 scrolls of fog
 T - 4 scrolls of identify
 V - 2 scrolls of fear
Potions
 k - 2 potions of stabbing
 l - a potion of heal wounds
 q - 5 potions of curing
 u - 2 potions of resistance
 v - 7 potions of haste
 w - 7 potions of lignification
 z - 6 potions of flight
 A - 8 potions of might
 E - a potion of cancellation
 I - 2 potions of ambrosia
 L - a potion of magic
 Y - a potion of invisibility
Miscellaneous
 g - a phial of floods
Comestibles
 f - 48 rations


   Skills:
 + Level 15.7 Fighting
 - Level 15.4 Long Blades
 - Level 2.0 Throwing
 - Level 7.0 Armour
 - Level 17.1 Dodging
 - Level 5.0 Stealth
 - Level 4.0 Shields
 - Level 15.1 Invocations
 + Level 8.3 Evocations


You had 16 spell levels left.
You didn't know any spells.
Your spell library contained the following spells:

 Spells                   Type           Power        Failure   Level  Hunger
 Animate Skeleton         Necr           N/A          52%         1    ##.....
 Apportation              Tloc           #.....       52%         1    ##.....
 Corona                   Hex            #......      52%         1    ##.....
 Magic Dart               Conj           #...         52%         1    ##.....
 Pain                     Necr           #...         52%         1    ##.....
 Shock                    Conj/Air       #...         52%         1    ##.....
 Sting                    Tmut/Pois      #...         52%         1    ##.....
 Summon Butterflies       Summ           #.......     52%         1    ##.....
 Blink                    Tloc           N/A          65%         2    ###....
 Call Imp                 Summ           #.......     65%         2    ###....
 Corpse Rot               Necr/Air       N/A          65%         2    ###....
 Ensorcelled Hibernation  Hex/Ice        #.....       65%         2    ###....
 Poisonous Vapours        Pois/Air       #.....       65%         2    ###....
 Searing Ray              Conj           #.....       65%         2    ###....
 Slow                     Hex            #.......     65%         2    ###....
 Swiftness                Chrm/Air       #.......     65%         2    ###....
 Call Canine Familiar     Summ           #.......     87%         3    ####...
 Confusing Touch          Hex            #.......     87%         3    ####...
 Conjure Flame            Conj/Fire      #.......     87%         3    ####...
 Dazzling Flash           Conj/Hex       #.....       87%         3    ####...
 Ignite Poison            Fire/Tmut/Pois #.......     87%         3    ####...
 Inner Flame              Hex/Fire       #.......     87%         3    ####...
 Lesser Beckoning         Tloc           #.........   87%         3    ####...
 Mephitic Cloud           Conj/Pois/Air  #.......     87%         3    ####...
 Portal Projectile        Hex/Tloc       #.....       87%         3    ####...
 Static Discharge         Conj/Air       #.......     87%         3    ####...
 Stone Arrow              Conj/Erth      #.....       87%         3    ####...
 Tukima's Dance           Hex            #.......     87%         3    ####...
 Vampiric Draining        Necr           #.........   87%         3    ####...
 Airstrike                Air            #.........   99%         4    #####..
 Animate Dead             Necr           N/A          99%         4    #####..
 Cause Fear               Hex            #.........   99%         4    #####..
 Fulminant Prism          Conj/Hex       #.........   99%         4    #####..
 Iskenderun's Mystic Bla  Conj/Tloc      #.......     99%         4    #####..
 Leda's Liquefaction      Hex/Erth       #.........   99%         4    #####..
 Olgreb's Toxic Radiance  Pois           #.......     99%         4    #####..
 Summon Ice Beast         Ice/Summ       #.......     99%         4    #####..
 Agony                    Necr           #.......     100%        5    ######.
 Alistair's Intoxication  Tmut/Pois      #.......     100%        5    ######.
 Bolt of Magma            Conj/Fire/Erth #.........   100%        5    ######.
 Borgnjor's Vile Clutch   Necr/Erth      #.........   100%        5    ######.
 Iskenderun's Battlesphe  Conj/Chrm      #.......     100%        5    ######.
 Lightning Bolt           Conj/Air       #.........   100%        5    ######.
 Silence                  Hex/Air        #.........   100%        5    ######.
 Summon Forest            Summ/Tloc      #.........   100%        5    ######.
 Summon Mana Viper        Hex/Summ       #.......     100%        5    ######.
 Darkness                 Hex            #.........   100%        6    #######
 Eringya's Noxious Bog    Tmut/Pois      #.........   100%        6    #######
 Hydra Form               Tmut           #.........   100%        6    #######
 Invisibility             Hex            #.......     100%        6    #######
 Iron Shot                Conj/Erth      #.........   100%        6    #######
 Shadow Creatures         Summ           N/A          100%        6    #######
 Orb of Destruction       Conj           #.........   100%        7    #######
 Spellforged Servitor     Conj/Summ      #.........   100%        7    #######
 Summon Hydra             Summ           #.........   100%        7    #######


Dungeon Overview and Level Annotations

Branches:
Dungeon (15/15)            Temple (1/1) D:5            Lair (6/6) D:9
 Shoals (0/4) Lair:3       Spider (4/4) Lair:4        Slime (0/5) Lair:5
    Orc (2/2) D:11            Elf (0/3) Orc:2        Vaults (0/5) D:13
 Depths (0/5) D:15        Ossuary (visited)          Bailey (visited)

Altars:
Ashenzari
Cheibriados
Dithmenos
Elyvilon
Fedhas
Gozag
Hepliaklqana
Kikubaaqudgha
Makhleb
Nemelex Xobeh
Okawaru
Qazlal
Ru
Sif Muna
Trog
Uskayaw
Vehumet
Wu Jian
Xom
Yredelemnul
Zin
The Shining One
Beogh
Jiyva

Shops:
D:4 *   D:7 *   Orc:2 [?(***%*?

Annotations:
D:8 2 runed translucent doors, lysyklops's ghost, novice MiBe
D:10 1 exclusion
D:13 3 runed translucent doors
Lair:2 exclusion: hydra
Lair:5 1 runed translucent door
Lair:6 1 runed translucent door
Spider:2 3 runed translucent doors, Feguytzu's ghost, journeyman GrMo; Thomus's ghost, adept HOFi


Innate Abilities, Weirdness & Mutations

You revert to your normal form in water.
You are very nimble and swift while swimming.
You are very stealthy in the water. (Stealth+)
You have a pair of small horns on your head.
Your system is resistant to poisons. (rPois)
You expend magic power (3 MP) to strengthen your wands.


Message History

The wolf spider is lightly wounded.
The wolf spider hits you but does no damage.
You block the wolf spider's attack. The wolf spider misses you.
You riposte.
You slash the wolf spider!
The wolf spider is moderately wounded.
The wolf spider bites you!
* * * LOW HITPOINT WARNING * * *
You hit the wolf spider but do no damage.
The wolf spider is moderately wounded.
The wolf spider barely misses you. The wolf spider misses you.
You closely miss the wolf spider.
The wolf spider is moderately wounded.
The wolf spider hits you but does no damage.
The wolf spider completely misses you.
Your magical contamination has completely faded away.
Unknown command.
You feel better. The wolf spider hits you!
* * * LOW HITPOINT WARNING * * *
The wolf spider misses you. The wolf spider hits you!
You die...

#^..........#.........
#.........^........... ###
##...^..^^...#........ ##.##
#....^.....[..........
#...###....^.....^...^....^.
#....#...................#..
##...#......................
##....##.....................
##.#.^..^...[@s...............
##....[.#..................^...
#..#.......^.#...........<...^^
###..............^...........^.
##.....^...........^..(.........
#....^.......#..................
###...#..................#^....#.
#.#....#..........>........^.....
..............<....[..^..........


You could see a wolf spider.

Vanquished Creatures
  Rupert (D:15)
  Gastronok (D:10)
  Agnes (D:15)
  An emperor scorpion (Spider:1)
  6 entropy weavers
  Azrael (Orc:1)
  Nessos (D:13)
  Josephine (D:15)
  Fannar (Lair:3)
  Erolcha (D:11)
  4 ogre magi (Orc:2)
  6 hydras
  2 centaur warriors
  A vault guard (D:13)
  18 two-headed ogres
  A death yak (Lair:2)
  A death knight (D:13)
  Nergalle (Orc:1)
  A flayed ghost (D:15)
  4 unseen horrors
  4 wizards
  2 lindwurms (Lair:6)
  2 orc knights (Bailey)
  4 oklob plants (Lair:6)
  A necromancer (D:15)
  4 orc sorcerers
  A mana viper (shapeshifter) (D:13)
  18 ugly things
  A wolf spider zombie (D:15)
  16 wolf spiders
  2 deep elf magi
  5 orb spiders
  A cyclops (D:15)
  A moth of wrath (Spider:2)
  4 manticores (D:15)
  A centaur zombie (D:15)
  A naga mage (D:15)
  11 elephants
  10 black mambas
  A guardian serpent (Lair:6)
  Psyche (D:9)
  9 torpor snails
  A gargoyle (D:12)
  15 spiny frogs
  A centaur skeleton (D:15)
  2 kobold demonologists
  5 komodo dragons
  5 rime drakes
  2 yaktaurs (D:13)
  21 demonic crawlers
  15 jumping spiders
  6 trolls
  A polar bear (shapeshifter) (D:15)
  A meliai (D:15)
  A polar bear (Lair:2)
  2 harpy skeletons
  A queen bee (Lair:2)
  2 tyrant leeches (Lair:6)
  Prince Ribbit (D:8)
  5 blink frogs
  8 hippogriffs
  12 hornets
  A meliai zombie (D:15)
  Sigmund (D:2)
  20 tarantellas
  55 redbacks
  6 wraiths
  4 fire elementals (Orc:1)
  29 yaks
  3 basilisks
  2 vampires
  11 wyverns
  18 humans (D:13)
  A steam dragon (Lair:6)
  3 hungry ghosts
  3 vampire mosquitoes (D:13)
  2 wargs
  Edmund (D:5)
  7 soldier ants (Spider:4)
  2 hell hounds
  22 water moccasins
  13 porcupines
  2 swamp drakes (Lair:6)
  31 orc warriors
  5 sky beasts
  A hornet zombie (D:15)
  6 ice beasts
  2 black bears
  2 phantoms (D:6)
  37 ogres
  3 centaurs
  23 wolves
  12 crocodiles
  A big kobold (D:7)
  14 bullfrogs
  2 gnoll sergeants
  3 water moccasin zombies
  3 scorpions
  A hornet simulacrum (D:15)
  26 killer bees
  8 wights
  2 vampire bats (D:3)
  6 howler monkeys
  7 electric eels
  20 crimson imps
  A quasit (D:10)
  3 bullfrog zombies
  8 jellies
  17 orc priests
  14 hounds
  21 orc wizards
  2 bullfrog skeletons
  4 iguanas
  14 worker ants
  2 big kobold zombies (Ossuary)
  A hound skeleton (D:10)
  3 mummies
  A howler monkey zombie (D:7)
  A worker ant zombie (D:8)
  Robin (D:2)
  11 gnolls
  A howler monkey skeleton (D:4)
  10 adders
  2 shadow imps
  7 oozes
  7 adder zombies (Ossuary)
  An adder skeleton (D:8)
  2 worms
  2 dart slugs
  4 leopard geckos
  92 orcs
  8 bats
  5 bat skeletons (D:3)
  A bat zombie (D:3)
  2 gnoll zombies (Ossuary)
  19 hobgoblins
  21 jackals
  11 kobolds
  7 quokkas
  4 ball pythons
  6 frilled lizards
  23 goblins
  11 hobgoblin zombies (Ossuary)
  5 kobold zombies (Ossuary)
  A leopard gecko zombie (D:8)
  3 orc zombies (Ossuary)
  A quokka skeleton (D:5)
  9 rats
1051 creatures vanquished.

Vanquished Creatures (collateral kills)
  Jorgrun (Orc:2)
  A ghost moth (Spider:3)
  An emperor scorpion (Spider:4)
  A queen ant (Spider:4)
  An orb spider (Spider:3)
  A wolf spider (Spider:4)
  4 jumping spiders (Spider:3)
  A hornet (Spider:4)
  2 redbacks
  3 tarantellas
  7 soldier ants (Spider:4)
23 creatures vanquished.

Vanquished Creatures (others)
  An unseen horror (D:13)
  An ogre (Orc:2)
  An orc (D:11)
  A bush (Lair:6)
  28 fungi
  97 plants
129 creatures vanquished.

Grand Total: 1203 creatures vanquished

Notes
Turn   | Place    | Note
-------+----------+-------------------------------------------
     0 | D:1      | DogServant the Merfolk Gladiator began the quest for the
                  | Orb.
     0 | D:1      | Reached XP level 1. HP: 16/16 MP: 1/1
   187 | D:1      | Reached XP level 2. HP: 21/23 MP: 2/2
   717 | D:1      | Reached XP level 3. HP: 28/28 MP: 3/3
   923 | D:2      | Noticed Sigmund
   941 | D:2      | Killed Sigmund
   941 | D:2      | Reached skill level 5 in Long Blades
   941 | D:2      | Reached skill level 5 in Dodging
   941 | D:2      | Reached XP level 4. HP: 20/36 MP: 4/4
   941 | D:2      | Reached XP level 5. HP: 23/41 MP: 5/5
  1133 | D:2      | Noticed Robin
  1158 | D:2      | Reached XP level 6. HP: 37/48 MP: 6/6
  1471 | D:3      | Found a basalt altar of Yredelemnul.
  1895 | D:3      | Found a shimmering blue altar of Sif Muna.
  1937 | D:3      | Found a white marble altar of Elyvilon.
  2034 | D:3      | Found an ancient bone altar of Kikubaaqudgha.
  2340 | D:4      | Reached skill level 6 in Dodging
  2340 | D:4      | Reached XP level 7. HP: 29/55 MP: 7/7
  2706 | D:4      | You fall into a shaft and drop 1 floor!
  2706 | D:5      | Entered Level 5 of the Dungeon
  2903 | D:5      | Found a staircase to the Ecumenical Temple.
  3164 | Temple   | Entered the Ecumenical Temple
  3275 | Temple   | Became a worshipper of Makhleb the Destroyer
  3569 | D:5      | Reached skill level 5 in Fighting
  3832 | D:5      | You fall into a shaft and drop 1 floor!
  3868 | D:6      | Reached XP level 8. HP: 50/62 MP: 8/8
  3882 | D:6      | Reached skill level 7 in Dodging
  3884 | D:6      | Found a sand-covered staircase.
  3891 | Ossuary  | Entered an ossuary
  4019 | Ossuary  | Reached * piety under Makhleb
  4602 | D:6      | Reached skill level 8 in Dodging
  4786 | D:6      | Found a shimmering blue altar of Sif Muna.
  4829 | D:6      | Identified Sif Muna's Reference Book on Combat Magic
  5197 | D:7      | Found Itzasesa's Assorted Antiques.
  5217 | D:6      | Reached XP level 9. HP: 53/68 MP: 9/9
  5269 | D:6      | Reached ** piety under Makhleb
  5629 | D:5      | Noticed Edmund
  5678 | D:5      | Killed Edmund
  5678 | D:5      | Reached skill level 10 in Long Blades
  5678 | D:5      | Reached skill level 9 in Dodging
  6206 | D:7      | Found a stormy altar of Qazlal.
  6300 | D:7      | Reached skill level 1 in Armour
  6717 | D:7      | Bought a scratched bronze ring for 175 gold pieces
  6985 | D:8      | Noticed Psyche
  6999 | D:9      | Killed Psyche
  7126 | D:9      | Found a staircase to the Lair.
  7475 | D:9      | Reached skill level 1 in Invocations
  7552 | D:9      | Found a snail-covered altar of Cheibriados.
  8028 | D:10     | Entered Level 10 of the Dungeon
  8028 | D:10     | Found a flagged portal.
  8051 | Bailey   | Entered a bailey
  8150 | Bailey   | Reached XP level 10. HP: 74/76 MP: 11/11
  8177 | Bailey   | Noticed a kobold demonologist
  8177 | Bailey   | Noticed an orc sorcerer
  8178 | Bailey   | Noticed an orange demon
  8178 | Bailey   | Found an iron altar of Okawaru.
  8178 | Bailey   | Noticed an orc knight
  8181 | Bailey   | Noticed a rust devil
  8296 | Bailey   | Killed a kobold demonologist
  8311 | Bailey   | Killed an orc knight
  8433 | Bailey   | Reached *** piety under Makhleb
  8473 | Bailey   | Noticed an orc knight
  8529 | Bailey   | Killed an orc knight
  8529 | Bailey   | Reached skill level 5 in Invocations
  8557 | Bailey   | Killed an orc sorcerer
  9871 | Bailey   | Found an iron altar of Okawaru.
 10428 | Bailey   | Acquired a +0 pair of gloves of strength
 10516 | D:10     | Noticed a brown ugly thing
 10649 | D:8      | Gained mutation: You do not regenerate when monsters are
                  | visible. [potion of mutation]
 10649 | D:8      | Gained mutation: You have sharp fingernails. [potion of
                  | mutation]
 10650 | D:8      | Lost mutation: You do not regenerate when monsters are
                  | visible. [potion of mutation]
 10650 | D:8      | Lost mutation: You have sharp fingernails. [potion of
                  | mutation]
 10650 | D:8      | Gained mutation: You expend magic power (3 MP) to
                  | strengthen your wands. [potion of mutation]
 10650 | D:8      | Gained mutation: Your system is resistant to poisons.
                  | (rPois) [potion of mutation]
 10650 | D:8      | Gained mutation: You have a pair of small horns on your
                  | head. [potion of mutation]
 10826 | D:8      | Noticed Prince Ribbit
 10846 | D:8      | Reached XP level 11. HP: 84/84 MP: 15/15
 10853 | D:8      | Reached skill level 10 in Dodging
 10871 | D:8      | Killed Prince Ribbit
 10933 | D:7      | Reached **** piety under Makhleb
 11142 | D:8      | Found a large runed translucent door.
 11142 | D:8      | Found a large runed translucent door.
 11146 | D:8      | Noticed lysyklops's ghost (novice MiBe)
 11338 | D:8      | Found a hide-covered altar of Uskayaw.
 11338 | D:8      | Found a radiant altar of Vehumet.
 11521 | D:10     | Reached skill level 1 in Stealth
 11714 | D:10     | Noticed Gastronok
 11893 | D:4      | Found a hazy altar of Hepliaklqana.
 12082 | D:4      | Found Qimothrau's Assorted Antiques.
 12098 | D:4      | Bought a scroll of enchant weapon for 210 gold pieces
 12529 | D:2      | Killed Robin
 12538 | D:2      | Reached ***** piety under Makhleb
 12887 | D:10     | Reached skill level 11 in Dodging
 12919 | D:10     | Noticed an unseen horror
 12923 | D:10     | Killed an unseen horror
 12956 | D:10     | Identified the +4 dagger "Omyug" {elec, rPois MP+9 Str+2
                  | Int+5}
 13002 | D:10     | Noticed a two-headed ogre
 13011 | D:10     | Killed a two-headed ogre
 13576 | Lair:1   | Entered Level 1 of the Lair of Beasts
 13597 | Lair:1   | Reached skill level 5 in Stealth
 13886 | Lair:1   | Reached skill level 12 in Dodging
 13937 | Lair:1   | Reached XP level 12. HP: 93/96 MP: 16/16
 14666 | Lair:2   | Reached skill level 10 in Fighting
 14786 | Lair:2   | Noticed a five-headed hydra
 15237 | Lair:2   | Noticed a six-headed hydra
 15237 | Lair:2   | Noticed a death yak
 15263 | Lair:3   | Noticed a six-headed hydra
 15270 | Lair:3   | Killed a six-headed hydra
 15536 | Lair:3   | Got a flickering turquoise ring
 15538 | Lair:3   | Identified the ring "Etuhecys" {*Tele rN+} (You found it on
                  | level 3 of the Lair of Beasts)
 15549 | Lair:3   | Found a staircase to the Shoals.
 15559 | Lair:3   | Noticed Fannar
 15580 | Lair:3   | Reached skill level 1 in Shields
 15580 | Lair:3   | Reached skill level 1 in Evocations
 15597 | Lair:3   | Killed Fannar
 16369 | Lair:4   | Found a hole to the Spider Nest.
 17025 | Lair:5   | Reached XP level 13. HP: 100/104 MP: 19/19
 17089 | Lair:5   | Reached ****** piety under Makhleb
 17821 | Lair:5   | Found a runed translucent door.
 17821 | Lair:5   | Found a viscous altar of Jiyva.
 17821 | Lair:5   | Found a staircase to the Slime Pits.
 17883 | Lair:6   | Entered Level 6 of the Lair of Beasts
 17908 | Lair:5   | Reached skill level 5 in Evocations
 18563 | Lair:6   | Reached skill level 5 in Armour
 18851 | Lair:6   | Reached skill level 13 in Dodging
 19694 | Lair:6   | Reached XP level 14. HP: 114/116 MP: 20/20
 20796 | Lair:6   | Reached skill level 10 in Invocations
 21079 | Lair:6   | Got a fine graven amulet
 21265 | Lair:6   | Found a runed translucent door.
 22064 | D:10     | Killed Gastronok
 22580 | D:11     | Identified the amulet of Ubaa {Reflect *Slow +Fly rElec
                  | SH+5} (You found it on level 6 of the Lair of Beasts)
 22727 | D:11     | Noticed Erolcha
 22739 | D:11     | Killed Erolcha
 22796 | D:11     | Found a staircase to the Orcish Mines.
 23004 | D:11     | You fall into a shaft and drop 3 floors!
 24157 | D:13     | Found a runed translucent door.
 24549 | D:13     | Noticed Nessos
 24556 | D:13     | Killed Nessos
 24617 | D:13     | Reached XP level 15. HP: 127/127 MP: 23/23
 24697 | D:13     | Found a runed translucent door.
 24697 | D:13     | Found a runed translucent door.
 24918 | D:13     | Found a gate to the Vaults.
 26406 | Orc:1    | Entered Level 1 of the Orcish Mines
 26695 | Orc:2    | Entered Level 2 of the Orcish Mines
 26708 | Orc:1    | Reached skill level 14 in Dodging
 26740 | Orc:2    | Noticed Jorgrun
 27157 | Orc:2    | Found a roughly hewn altar of Beogh.
 27157 | Orc:2    | Noticed Azrael
 27229 | Orc:1    | Killed Azrael
 27352 | Orc:2    | Found Usasim's Food Emporium.
 27356 | Orc:2    | Found a staircase to the Elven Halls.
 27356 | Orc:2    | Found Ytueb's General Store.
 27440 | Orc:2    | Found Ossauh's Assorted Antiques.
 27478 | Orc:2    | Killed Jorgrun
 27525 | Orc:2    | Reached skill level 15 in Long Blades
 27535 | Orc:2    | Found Taihuod's Weapon Shop.
 27535 | Orc:2    | Found Poaruump's Antique Armour Emporium.
 27536 | Orc:2    | Found Fel Mom's Assorted Antiques.
 27536 | Orc:2    | Found Faaruen's Magic Scroll Shop.
 27695 | Orc:2    | Bought a bone long sword for 221 gold pieces
 27695 | Orc:2    | Identified the +8 long sword of Linearity {vorpal, rC+
                  | Str+4 SInv} (You bought it in a shop on level 2 of the
                  | Orcish Mines)
 27849 | Orc:2    | Found Decw's General Store.
 27858 | Orc:2    | Found Run Loj's Magic Scroll Shoppe.
 27861 | Orc:2    | Bought a phial of floods for 600 gold pieces
 28187 | Orc:1    | Noticed Nergalle
 28209 | Orc:1    | Killed Nergalle
 28486 | Orc:2    | Bought a pair of translucent gloves for 209 gold pieces
 28486 | Orc:2    | Bought a runed scale mail for 154 gold pieces
 28506 | Orc:2    | Identified the +0 pair of gloves of Defiance {rElec rPois
                  | Str+10 Dex-2} (You bought it in a shop on level 2 of the
                  | Orcish Mines)
 28852 | D:15     | Entered Level 15 of the Dungeon
 28908 | D:15     | Reached XP level 16. HP: 134/134 MP: 25/25
 29048 | D:15     | Identified the +8 ring mail of Avoputs {rC+ rN++ Dex+2}
                  | (You found it on level 15 of the Dungeon)
 29110 | D:15     | Noticed Agnes
 29124 | D:15     | Killed Agnes
 29369 | D:15     | Noticed Rupert
 29381 | D:15     | Killed Rupert
 29381 | D:15     | Reached skill level 15 in Fighting
 29620 | D:15     | Noticed Josephine
 29632 | D:15     | Killed Josephine
 29877 | D:15     | Reached skill level 15 in Dodging
 29886 | D:15     | Paralysed by a wizard for 6 turns
 29927 | D:15     | Found a staircase to the Depths.
 31014 | Spider:1 | Entered Level 1 of the Spider Nest
 31564 | Spider:1 | Reached skill level 16 in Dodging
 32696 | Spider:2 | Reached skill level 15 in Invocations
 32696 | Spider:2 | Reached XP level 17. HP: 128/142 MP: 28/28
 33098 | Spider:2 | Found a runed translucent gate.
 33099 | Spider:2 | Found a runed translucent gate.
 33100 | Spider:2 | Found a runed translucent gate.
 33101 | Spider:2 | Noticed Feguytzu's ghost (journeyman GrMo)
 33102 | Spider:2 | Noticed Thomus's ghost (adept HOFi)
 33593 | Spider:2 | Reached skill level 17 in Dodging
 34618 | Spider:4 | Entered Level 4 of the Spider Nest
 34880 | Spider:3 | HP: 5/143 [wolf spider (17)]
 34880 | Spider:3 | Slain by a wolf spider

Illustrated notes

Levels and vault maps discovered:
D:1:      mrwooster_arrival_statue_2, layout_loops_ring
D:2:      layout_basic, uniq_robin, uniq_sigmund
D:3:      minmay_evil_eye, layout_rooms, kennysheep_ying_yang,
          kennysheep_vampire_church, marbit_many_paths
D:4:      layout_basic, overflow_temple_1_default, serial_shops, shop,
          first_ration
D:5:      layout_loops_cross, minmay_temple_entry_junction, uniq_edmund
D:6:      layout_rooms, chequers_ossuary_entry_cave, led_sif_book
D:7:      layout_basic, overflow_temple_1_default, serial_shops,
          nicolae_shop_overgrown_old_shop
D:8:      layout_rooms, gammafunk_temple_overflow_wave,
          ebering_ghost_disaster_area, uniq_prince_ribbit1, uniq_psyche
D:9:      layout_basic, slow_altar_1, dpeg_oklobed_lair,
          hangedman_little_slice_of_home
D:10:     layout_loops_ring, enter_bailey_6, uniq_gastronok
D:11:     layout_long_grid, hiddenorc1_lemuel, grunt_decor_arrowhead,
          uniq_erolcha
D:12:     layout_basic
D:13:     layout_loops_ring, grunt_vaults_entry_tiered, mikee_hates_you,
          uniq_nessos
D:14:     layout_roguey, minmay_nine_imps
D:15:     grunt_enter_depths_magical_seal, layout_loops_ring,
          minmay_tree_intersection, minmay_joined_circles, uniq_josephine,
          uniq_rupert, uniq_agnes
Temple:   dshaligram_water_room_temple
Lair:1:   layout_regular_city
Lair:2:   layout_cave_pods, special_room [special_room_bee],
          minmay_shattered_shrine
Lair:3:   layout_hall_layers, elwin_shoals_entry_rocks, uniq_fannar
Lair:4:   layout_regular_city, nicolae_spider_entry_orb_guardian,
          infiniplex_staircase_pool
Lair:5:   layout_regular_city, slime_altar_2
Lair:6:   hangedman_lair_tendril_chambers, layout_loops_ring, wormcave,
          guppyfry_lair_drakes, minmay_lair_oklob_chamber, lemuel_fruit_tree,
          serial_bayou_shore_b
Spider:1: layout_spider_delve
Spider:2: layout_spider_delve, gammafunk_ghost_cemetery, drop_trap,
          worms_lemuel, hangedman_spider_tarantella_strand
Spider:3: layout_spider_delve, drop_trap
Spider:4: grunt_spider_rune_parallel, zaba_antful_of_joy
Orc:1:    layout_caves, uniq_nergalle
Orc:2:    st_orc_ogre_mass, layout_caves, basic_altar, serial_shops,
          nicolae_shop_behind_doors, nicolae_shop_statue_plus,
          nicolae_shop_temple_entry_statues_fountains, shop_statue,
          nicolae_shop_temple_entry_statues_fountains, uniq_azrael, uniq_jorgrun

Skill      XL: |  1  2  3  4  5  6  7  8  9 10 11 12 13 14 15 16 17 |
---------------+----------------------------------------------------+-----
Long Blades    | 4 5 6 7 9 11 12 13 14 15 | 15.4
Fighting       | 3 4 5 6 7 9 10 12 14 15 | 15.7
Dodging        | 5 6 8 9 12 13 14 16 17 | 17.1
Armour         | 3 4 5 6 7 |  7.0
Invocations    | 2 6 8 9 11 13 15 | 15.1
Stealth        | 5 |  5.0
Shields        | 3 4 |  4.0
Evocations     | 3 5 7 8 |  8.3
Throwing       | |  2.0

Action                   |  1- 3 |  4- 6 |  7- 9 | 10-12 | 13-15 | 16-18 || total
-------------------------+-------+-------+-------+-------+-------+-------++-------
Melee: Long sword        |    73 |   125 |   592 |   840 |  1010 |   169 ||  2809
       Tailslap          |       |       |     2 |    24 |     2 |     8 ||    36
       Headbutt          |       |       |       |   201 |   473 |   289 ||   963
       Great sword       |       |       |       |       |   320 |   523 ||   843
Throw: Dart              |     3 |     3 |    36 |    79 |    25 |    23 ||   169
       Throwing net      |     3 |       |     3 |       |     1 |       ||     7
Invok: Minor Destruction |       |       |       |    22 |       |       ||    22
       Major Destruction |       |       |       |       |    29 |     5 ||    34
       Greater Servant o |       |       |       |       |     1 |     4 ||     5
Evoke: Wand              |       |       |       |     9 |    29 |    10 ||    48
  Use: Scroll            |       |       |    11 |    19 |     9 |     4 ||    43
       Potion            |       |       |       |     4 |     2 |     9 ||    15
 Stab: Held in net/web   |     2 |       |       |       |     2 |       ||     4
       Sleeping          |       |       |       |    21 |    20 |     8 ||    49
       Distracted        |       |       |       |     5 |     4 |     1 ||    10
       Invisible         |       |       |       |     2 |       |       ||     2
       Confused          |       |       |       |       |     6 |       ||     6
  Eat: Chunk             |       |     4 |    16 |    23 |    29 |    10 ||    82
       Ration            |       |       |     2 |     1 |     4 |     2 ||     9
Armor: Leather armour    |    19 |    42 |    66 |   102 |   185 |       ||   414
       Ring mail         |       |       |    46 |     5 |       |   347 ||   398
       Scale mail        |       |       |       |       |     4 |     7 ||    11
Dodge: Dodged            |    79 |   150 |   488 |   615 |  1115 |  1199 ||  3646
Block: Buckler           |       |       |       |       |   298 |    62 ||   360
       Reflection        |       |       |       |       |     2 |       ||     2
       Other             |       |       |       |       |   105 |   208 ||   313
       Rpst.: Long sword |    29 |    50 |   161 |   186 |   190 |    25 ||   641
       Great sword       |       |       |       |       |   108 |   204 ||   312
